 Dungeon Crawl Stone Soup version 0.30.1-11-g7821555f0a (webtiles) character file.

Game seed: 6277240807499731148

56 Janerl the Poker (level 3, -2/33 HPs)
             Began as a Minotaur Berserker on Jan 6, 2024.
             Was a Believer of Trog.
             Slain by a gnoll
             ... wielding a +0 halberd
              (7 damage)
             ... on level 2 of the Dungeon.
             The game lasted 00:04:33 (770 turns).

Janerl the Poker (Minotaur Berserker)                Turns: 770, Time: 00:04:33

Health: -2/33      AC:  3    Str: 21    XL:     3   Next: 71%
Magic:  2/2        EV: 12    Int:  6    God:    Trog [**....]
Gold:   116        SH:  0    Dex:  9    Spells: 2/2 levels left

rFire   + . .        a - +0 spear
rCold   + . .        (no shield)
rNeg    . . .        b - +0 animal skin
rPois   +            (helmet restricted)
rElec   +            e - +0 cloak
rCorr   +            (no gloves)
SInv    .            (no boots)
Will    .....        (no amulet)
Stlth   +            (no ring)
HPRegen 0.25/turn    (no ring)
MPRegen 0.08/turn

%: no passive effects
@: confused, mighty, brilliant, resistant, ambrosia-drunk, hasted, very quick
A: horns 2, retaliatory headbutt
a: Renounce Religion, Berserk, Trog's Hand


You were on level 2 of the Dungeon.
You worshipped Trog.
Trog was pleased with you.
You visited 1 branch of the dungeon, and saw 2 of its levels.

You collected 116 gold pieces.

Inventory:

Hand Weapons
 a - a +0 spear (weapon)
Armour
 b - a +0 animal skin (worn)
 e - a +0 cloak (worn)
Scrolls
 f - 2 scrolls of enchant weapon {unknown}
 h - a scroll of enchant armour {unknown}
 k - a scroll of butterflies {unknown}
Potions
 c - a potion of might
 i - a potion of resistance


   Skills:
 + Level 4.3 Fighting
 + Level 4.6 Polearms
 + Level 2.6 Armour
 + Level 2.9 Dodging


You had 2 spell levels left.
You didn't know any spells.
Your spell library was empty.

Dungeon Overview and Level Annotations

Branches:
Dungeon (2/15)

Altars:


Innate Abilities, Weirdness & Mutations

You have a pair of horns on your head.
You reflexively headbutt those who attack you in melee.


Message History

The gnoll is severely wounded.
The gnoll closely misses you.
Reach: a) +0 spear
Press: ? - help, Dir - move target, f/p - gnoll
Aim: a gnoll, wielding a +0 spear (severely wounded, about 35% to evade your +0 spear)
You reach to attack!
You hit the gnoll.
The gnoll is almost dead.
The gnoll hits you from afar with a +0 spear.
* * * LOW HITPOINT WARNING * * *
Reach: a) +0 spear
Press: ? - help, Dir - move target, f/p - gnoll
Aim: a gnoll, wielding a +0 spear (almost dead, about 35% to evade your +0 spear)
You reach to attack!
You hit the gnoll.
You kill the gnoll!
Trog accepts your kill.
It was a potion of might.
You feel very mighty all of a sudden. The gnoll barely misses you.
It was a potion of resistance.
You feel protected. The gnoll barely misses you.
It was a potion of brilliance.
You feel clever all of a sudden.
The gnoll hits you from afar with a +0 halberd.
* * * LOW HITPOINT WARNING * * *
It was a potion of ambrosia.
You are confused.
You feel invigorated. The gnoll closely misses you.
It was a potion of haste.
You feel yourself speed up. The gnoll barely misses you.
Unknown command.
The gnoll hits you with a +0 halberd! The gnoll misses you.
You bump into the rock wall.
You bump into the rock wall.
The gnoll barely misses you.
The gnoll hits you from afar with a +0 halberd.
You're too confused to move!
The gnoll hits you from afar with a +0 halberd!
* * * LOW HITPOINT WARNING * * *
The gnoll hits you with a +0 halberd!
You die...

#....##..<......# #.#
#...............#####.#
#...............#.....#
#...............#.#...#
#.......###.....#...#.#
...#.......# #.....###.#.#
.g............# #.(..†# #...#
g....##.......###.....###.###
.... ##.....gg@...##.....#
... #......####+##.##### #.
...............#.# +
................#.#
..................#
................###
......##........#
.....##........#
#.........####


You could see 2 gnolls.

Vanquished Creatures
  A gnoll (D:2)
  An adder (D:2)
  A worm (D:2)
  2 dart slugs (D:1)
  5 ball pythons
  3 endoplasms
  A giant cockroach (D:2)
  3 goblins (D:1)
  4 hobgoblins
  A quokka (D:1)
  2 bats
  3 frilled lizards (D:1)
  2 rats (D:1)
29 creatures vanquished.

Notes
Turn   | Place    | Note
-------+----------+-------------------------------------------
     0 | D:1      | Janerl the Minotaur Berserker began the quest for the Orb.
     0 | D:1      | Reached XP level 1. HP: 19/19 MP: 0/0
   201 | D:1      | Reached XP level 2. HP: 24/27 MP: 1/1
   535 | D:1      | Reached ** piety under Trog
   617 | D:2      | Reached XP level 3. HP: 30/33 MP: 2/2
   770 | D:2      | Slain by a gnoll

Illustrated notes

Levels and vault maps discovered:
D:1:      heliophobic_arrival_dark_side_of_the_moon, layout_rooms,
          chequers_serial_rivers_micro_a
D:2:      cheibrodos_greedy_goblins, layout_basic, basic_altar,
          dreamdust_ecumenical_altar_hidden_monk_grotto

Skill      XL: |  1  2 |
---------------+-------+-----
Polearms       | 4 |  4.6
Fighting       | 4 |  4.3
Armour         | |  2.6
Dodging        | |  2.9

Action                     || total
---------------------------++-------
  Melee: Spear             ||    77
         Punch             ||     1
         Headbutt          ||     3
    Use: Potion            ||     5
   Stab: Sleeping          ||     1
 Armour: Animal skin       ||    11
  Dodge: Dodged            ||    47
